 Dungeon Crawl Stone Soup version 0.21.0 (webtiles) character file.

56 Jynx the Changer (level 3, 0/26 HPs)
             Began as a Merfolk Transmuter on Jan 6, 2018.
             Slain by a bat (1 damage)
             ... on level 2 of the Dungeon.
             The game lasted 00:03:06 (1339 turns).

Jynx the Changer (Merfolk Transmuter)               Turns: 1339, Time: 00:03:06

Health: 0/26       AC:  3    Str: 10    XL:     3   Next: 95%
Magic:  7/7        EV: 13    Int: 12    God:
Gold:   38         SH:  0    Dex: 15    Spells: 1/7 levels left

rFire    . . .     SeeInvis .     - Unarmed
rCold    . . .     Gourm    .   (no shield)
rNeg     . . .     Faith    .   b - +1 robe
rPois    .         Spirit   .   (no helmet)
rElec    .         Reflect  .   (no cloak)
rCorr    .         Harm     .   (no gloves)
MR       .....                  (no boots)
Stlth    +.........             (no amulet)
HPRegen  0.08/turn              (no ring)
MPRegen  0.10/turn              (no ring)

@: lethally poisoned (0 -> -3), hasted, very quick
A: change form in water, swift swim, stealthy swim
a: no special abilities


You were on level 2 of the Dungeon.
You were not hungry.

You visited 1 branch of the dungeon, and saw 2 of its levels.

You collected 38 gold pieces.

Inventory:

Missiles
 a - 9 arrows
Armour
 b - a +1 robe (worn)
Books
 c - a book of Changes

   Spells                             Type                      Level
   a - Beastly Appendage              Transmutation                1
   b - Sticks to Snakes               Transmutation                2
   c - Spider Form                    Transmutation/Poison         3
   d - Ice Form                       Ice/Transmutation            4
   e - Blade Hands                    Transmutation                5


   Skills:
 - Level 1.1 Fighting
 - Level 2.6 Dodging
 - Level 3.2 Unarmed Combat
 + Level 2.6 Spellcasting
 * Level 4.8 Transmutations


You had one spell level left.
You knew the following spells:

 Your Spells              Type           Power        Failure   Level  Hunger
a - Beastly Appendage     Tmut           ##....       3%          1    #......
b - Sticks to Snakes      Tmut           ##......     5%          2    ###....
c - Spider Form           Tmut/Pois      #.........   28%         3    ###....


Dungeon Overview and Level Annotations

Branches:
Dungeon (2/15)

Altars:

Annotations:
D:2 Jessica


Message History

Your ball python withers and dies!
* * * LOW HITPOINT WARNING * * *
You feel sick.
A hobgoblin comes into view.
The hobgoblin moves out of view.
* * * LOW HITPOINT WARNING * * *
You feel sick.
* * * LOW HITPOINT WARNING * * *
You feel sick.
A bat comes into view.
The bat misses you.
You are too injured to fight recklessly!
You are too injured to fight recklessly!
You are too injured to fight recklessly!
You hit the hobgoblin.
The hobgoblin is severely wounded.
* * * LOW HITPOINT WARNING * * *
You feel sick. The bat misses you. The hobgoblin barely misses you.
The bat hits you.
You die...

. # .. .. #. .. .#.
#.##. .?. ####.#..
.. .
.......###.#.?.. ..
##.....b....#
...###..##.@####.<#
...#.[.##.†g##
.........†...##
..............#
...............#
........!..?.....
..........>..####.
......†.#...##
......†<.####


You could see a hobgoblin and a bat.

Vanquished Creatures
  2 adders (D:2)
  An ooze (D:2)
  A dart slug (D:1)
  5 bats
  3 giant cockroaches (D:1)
  3 hobgoblins (D:1)
  4 kobolds (D:1)
  A ball python (D:1)
  A frilled lizard (D:1)
  4 goblins (D:1)
  2 rats (D:1)
27 creatures vanquished.

Vanquished Creatures (collateral kills)
  2 worms (D:2)
  A dart slug (D:2)
  A giant cockroach (D:2)
  A hobgoblin (D:2)
5 creatures vanquished.

Grand Total: 32 creatures vanquished

Notes
Turn   | Place    | Note
-------+----------+-------------------------------------------
     0 | D:1      | Jynx the Merfolk Transmuter began the quest for the Orb.
     0 | D:1      | Reached XP level 1. HP: 15/15 MP: 3/3
    24 | D:1      | Reached skill level 3 in Transmutations
   306 | D:1      | Reached XP level 2. HP: 19/21 MP: 1/5
   751 | D:1      | Reached skill level 4 in Transmutations
   894 | D:1      | Reached XP level 3. HP: 26/26 MP: 4/6
  1098 | D:2      | Noticed Jessica
  1262 | D:1      | Learned a level 2 spell: Sticks to Snakes
  1266 | D:1      | Learned a level 3 spell: Spider Form
  1333 | D:2      | HP: 1/26 [poisoned by an adder]
  1339 | D:2      | HP: 1/26 [poisoned by an adder]
  1339 | D:2      | Slain by a bat

Skill      XL: |  1  2 |
---------------+-------+-----
Transmutations | 3 4 |  4.8
Fighting       | |  1.1
Dodging        | |  2.6
Unarmed Combat | |  3.2
Spellcasting   | |  2.6

Action                   || total
-------------------------++-------
Melee: Unarmed           ||    80
       Headbutt          ||    15
       Punch             ||     1
 Cast: Beastly Appendage ||    14
       Sticks to Snakes  ||     3
  Use: Potion            ||     5
       Scroll            ||     2
  Eat: Ration            ||     1
       Chunk             ||     1
Armor: Robe              ||    20
Dodge: Dodged            ||   107
